 Dungeon Crawl Stone Soup version 0.32-a0-981-g384da2ce10 (webtiles) character file.

Game seed: 11941104922728508755

691 DrKenneth the Shield-Bearer (level 7, -2/63 HPs)
             Began as a Minotaur Fighter on Apr 21, 2024.
             Slain by a gnoll
             ... wielding a +0 halberd
             ... led by a gnoll bouda
              (5 damage)
             ... on level 5 of the Dungeon.
             The game lasted 00:06:54 (3891 turns).

DrKenneth the Shield-Bearer (Minotaur Fighter)      Turns: 3891, Time: 00:06:54

Health: -2/63      AC: 10    Str: 22    XL:     7   Next: 36%
Magic:  6/6        EV:  8    Int:  5    God:
Gold:   202        SH:  5    Dex: 10    Spells: 6/6 levels left

rFire   + . .        a - +0 war axe
rCold   + . .        c - +0 buckler
rNeg    . . .        b - +0 scale mail
rPois   .            (helmet restricted)
rElec   .            q - scarf {rC+ rF+}
rCorr   .            l - +0 pair of gloves
SInv    .            g - +0 pair of boots
Will    .....        i - amulet of the acrobat Stlth
                     (no ring)
HPRegen 0.30/turn    (no ring)
MPRegen 0.10/turn

%: acrobat
@: no status effects
A: horns 2, retaliatory headbutt
a: no special abilities


You were on level 5 of the Dungeon.
You visited 1 branch of the dungeon, and saw 5 of its levels.

You collected 202 gold pieces.

Inventory:

Hand Weapons
 a - a +0 war axe (weapon)
Armour
 b - a +0 scale mail (worn)
 c - a +0 buckler (worn)
 g - a +0 pair of boots (worn)
 l - a +0 pair of gloves (worn)
 q - a scarf of resistance (worn)
Jewellery
 i - an amulet of the acrobat (around neck)
 r - a +6 ring of strength
 u - a ring of protection from cold
Wands
 v - a wand of polymorph (8)
 y - a wand of warping (2)
 z - a wand of acid (7)
Scrolls
 j - a scroll of revelation {unknown}
 o - a scroll of blinking {unknown}
 p - a scroll of fear {unknown}
 s - 2 scrolls of identify {unknown}
 t - a scroll of brand weapon {unknown}
 w - a scroll of vulnerability {unknown}
Potions
 d - a potion of might
 e - a potion of attraction {unknown}
 f - a potion of heal wounds {unknown}
 h - a potion of resistance {unknown}
 k - 2 potions of lignification {unknown}
 m - a potion of degeneration {unknown}
 n - a potion of curing {unknown}
 x - a potion of brilliance {unknown}


   Skills:
 + Level 6.0 Fighting
 + Level 5.3 Axes
 + Level 6.0 Armour
 + Level 6.0 Shields


You had 6 spell levels left.
You didn't know any spells.
Your spell library contained the following spells:

 Spells                   Type           Power      Damage    Failure   Level
 Summon Forest            Summ/Tloc      0%         N/A       100%        5
 Eringya's Noxious Bog    Alch           0%         4d6       100%        6
 Summon Hydra             Summ           0%         N/A       100%        7


Dungeon Overview and Level Annotations

Branches:
Dungeon (5/15)
 Temple: D:4-7

Altars:
Ashenzari
Dithmenos
Elyvilon
Kikubaaqudgha
Qazlal
Uskayaw
Zin
The Shining One

Shops:
D:3 (


Innate Abilities, Weirdness & Mutations

You have a pair of horns on your head.
You reflexively headbutt those who attack you in melee.


Message History

The gnoll bouda gazes fiercely through you!
You feel your attacks grow feeble.
The gnoll bouda hits you with a +0 whip.
You block the gnoll's attack.
You hit the gnoll bouda but do no damage.
You headbutt the gnoll bouda, but do no damage.
The gnoll bouda is heavily wounded.
You hit the gnoll.
You kill the gnoll!
The gnoll hits you from afar with a +0 halberd.
The gnoll hits you from afar with a +0 spear.
The gnoll bouda hits you with a +0 whip.
The gnoll hits you from afar with a +0 spear.
The gnoll hits you but does no damage.
You barely miss the gnoll bouda.
The gnoll bouda is heavily wounded.
The gnoll hits you but does no damage. The gnoll bouda barely misses you.
The gnoll hits you from afar with a +0 spear.
You block the gnoll's attack.
You hit the gnoll bouda but do no damage.
The gnoll bouda is heavily wounded.
You block the gnoll's attack.
The gnoll bouda hits you with a +0 whip.
The gnoll hits you from afar with a +0 spear.
You block the gnoll's attack.
The gnoll bouda hits you with a +0 whip.
The gnoll hits you from afar with a +0 spear!
* * * LOW HITPOINT WARNING * * *
The gnoll hits you but does no damage.
You hit the gnoll bouda.
The gnoll bouda is heavily wounded.
Your attacks no longer feel as feeble.
You block the gnoll's attack.
The gnoll hits you from afar with a +0 spear.
* * * LOW HITPOINT WARNING * * *
The gnoll bouda hits you with a +0 whip.
* * * LOW HITPOINT WARNING * * *
The gnoll barely misses you.
The gnoll hits you from afar with a +0 halberd.
You die...

.............#...[ .
..#.#....#..##..# .#
##########..##..###.###
#.............+
#...........?.#
#.............#
#..>...ggg....#
##........g....#
#.......)@##..#
########).## .# #.)..#
#....# #....# ######


You could see a gnoll bouda and 3 gnolls.

Vanquished Creatures
  2 centaurs
  A phantom (D:4)
  2 scorpions (D:4)
  2 howler monkeys
  A bombardier beetle (D:3)
  A hound (D:2)
  A jelly (D:4)
  Ijyb (D:4)
  2 gnolls (D:5)
  5 adders
  2 dart slugs
  2 ribbon worms (D:3)
  An orc (D:3)
  10 ball pythons
  9 bats
  7 endoplasms
  3 giant cockroaches
  6 goblins
  3 hobgoblins
  4 jackals (D:1)
  12 kobolds
  2 quokkas
  5 frilled lizards
  4 rats
88 creatures vanquished.

Notes
Turn   | Place    | Note
-------+----------+-------------------------------------------
     0 | D:1      | DrKenneth the Minotaur Fighter began the quest for the Orb.
     0 | D:1      | Reached XP level 1. HP: 19/19 MP: 0/0
   173 | D:1      | Reached XP level 2. HP: 27/27 MP: 1/1
   463 | D:1      | Reached XP level 3. HP: 29/33 MP: 2/2
  1156 | D:2      | Reached XP level 4. HP: 36/41 MP: 3/3
  1594 | D:3      | Reached XP level 5. HP: 44/47 MP: 4/4
  1826 | D:3      | Found Mukifag's Weapon Shop.
  1890 | D:3      | Noticed a centaur
  1896 | D:3      | Killed a centaur
  1897 | D:3      | Reached skill level 5 in Fighting
  1897 | D:3      | Reached skill level 5 in Armour
  1897 | D:3      | Reached skill level 5 in Shields
  2301 | D:3      | Found an ancient bone altar of Kikubaaqudgha.
  2301 | D:3      | Found a shadowy altar of Dithmenos.
  2536 | D:4      | Found a stormy altar of Qazlal.
  2688 | D:4      | Noticed a phantom
  2695 | D:4      | Killed a phantom
  2696 | D:4      | Reached XP level 6. HP: 56/56 MP: 5/5
  2910 | D:4      | Identified the +5 whip of Intimidation {freeze, +Blink
                  | rPois rC++ Int-2}
  3106 | D:4      | Found a white marble altar of Elyvilon.
  3106 | D:4      | Found a glowing silver altar of Zin.
  3137 | D:4      | Found a hide-covered altar of Uskayaw.
  3177 | D:4      | Reached skill level 5 in Axes
  3177 | D:4      | Reached XP level 7. HP: 37/62 MP: 6/6
  3459 | D:4      | Found a glowing golden altar of the Shining One.
  3546 | D:4      | Noticed Ijyb
  3557 | D:4      | Killed Ijyb
  3711 | D:4      | Found a broken altar of Ashenzari.
  3806 | D:5      | Entered Level 5 of the Dungeon
  3891 | D:5      | HP: 3/63 [gnoll bouda/+0 whip (6)]
  3891 | D:5      | Slain by a gnoll

Illustrated notes

Levels and vault maps discovered:
D:1:      minmay_arrival_widening_spiral_wide, layout_loops_ring,
          glass_columns_c
D:2:      layout_basic
D:3:      layout_basic, gammafunk_temple_overflow_pools, serial_shops,
          nicolae_shop_hallway_plus
D:4:      layout_loops_corners, dreamdust_divine_triumvirate,
          lemuel_round_altar, mainiacjoe_overflow_big_doors, dk_noncrumbling_4,
          minmay_quantized, uniq_ijyb
D:5:      minmay_opposing_rooms, layout_gridville, temple_fountains,
          chequers_serial_rivers_micro_b, feat_on_display

Skill      XL: |  1  2  3  4  5  6  7 |
---------------+----------------------+-----
Fighting       | 4 5 6 |  6.0
Shields        | 4 5 6 |  6.0
Armour         | 4 5 6 |  6.0
Axes           | 3 4 5 |  5.3

Action                     |  1- 3 |  4- 6 |  7- 9 || total
---------------------------+-------+-------+-------++-------
  Melee: War axe           |    90 |    90 |    34 ||   214
         Headbutt          |     9 |    15 |     5 ||    29
 Armour: Scale mail        |    92 |    73 |    43 ||   208
  Dodge: Dodged            |    45 |    38 |    27 ||   110
  Block: Buckler           |    21 |    25 |    14 ||    60

Table legend: (Time is in decaauts)
 A = Elapsed time spent in this place.
 B = Non-inter-level travel time spent in this place.
 C = Inter-level travel time spent in this place.
 D = Time resting spent in this place.
 E = Time spent auto-exploring this place.
 F = Levels seen in this place.
 G = Mean time per level.
                   A        B        C        D        E       F      G
               +--------+--------+--------+--------+--------+-----+--------+
         Total |   3964 |   3439 |    525 |     95 |   2718 |   5 |  792.8 |
       Dungeon |   3964 |   3439 |    525 |     95 |   2718 |   5 |  792.8 |
               +--------+--------+--------+--------+--------+-----+--------+

Top non-repeatable levels by time:
     D:4: 1332 daAuts
     D:3: 1048 daAuts
     D:1: 832 daAuts
     D:2: 662 daAuts
     D:5: 88 daAuts
